[Event "ICC tourney 2248 (120 10)"]
[Site "Internet Chess Club"]
[Date "2020.12.28"]
[Round "5"]
[White "Elias1302"]
[Black "Gallifreyan"]
[Result "1/2-1/2"]
[ICCResult "Game drawn by mutual agreement"]
[WhiteElo "1609"]
[BlackElo "1689"]
[Opening "French: exchange variation"]
[ECO "C01"]
[NIC "FR.01"]
[Time "12:03:45"]
[PlyCount "66"]
[TimeControl "7200+10"]

1. e4 e6 2. d4 d5 3. exd5 exd5 4. Bd3 Nc6 5. Nf3 Bd6 6. O-O Nge7 7. Re1 O-O
8. Bg5 f6 9. Bd2 Bf5 10. Bxf5 Nxf5 11. c3 Qd7 12. Qb3 Nfe7 13. c4 dxc4 14.
Qxc4+ Kh8 15. Nc3 Rad8 16. Rad1 a6 17. a3 Ng6 18. Ne4 Bf4 19. Nc5 Qd5 20.
Qxd5 Rxd5 21. Ne6 Bxd2 22. Nxd2 Rc8 23. Nf3 Kg8 24. Nc5 Nxd4 25. Nxb7 Nxf3+
26. gxf3 Rxd1 27. Rxd1 Rb8 28. Nc5 Nf4 29. b4 a5 30. Na6 Rb6 31. Nxc7 axb4
32. axb4 Rxb4 33. Nd5 Nxd5 { Game drawn by mutual agreement } 1/2-1/2

[Event "ICC tourney 2248 (120 10)"]
[Site "Internet Chess Club"]
[Date "2020.12.28"]
[Round "5"]
[White "sanjeevraman"]
[Black "ToughTurtle"]
[Result "1-0"]
[ICCResult "Black checkmated"]
[WhiteElo "1651"]
[BlackElo "1476"]
[Opening "Petrov: Cozio (Lasker) attack"]
[ECO "C42"]
[NIC "RG.03"]
[Time "12:03:33"]
[PlyCount "133"]
[TimeControl "7200+10"]

1. e4 e5 2. Nf3 Nf6 3. Nxe5 d6 4. Nf3 Nxe4 5. Qe2 Qe7 6. d3 Nf6 7. Nc3 c6
8. Bg5 Qxe2+ 9. Bxe2 Nbd7 10. O-O Be7 11. d4 d5 12. Bd3 h6 13. Bf4 Nh5 14.
Be5 Nxe5 15. Nxe5 Nf4 16. Rfe1 Nxd3 17. Nxd3 f6 18. Nf4 Kf7 19. Rxe7+ Kxe7
20. Ng6+ Ke8 21. Nxh8 Bf5 22. g4 Bxc2 23. f4 g6 24. f5 gxf5 25. Ng6 fxg4
26. Nf4 Kf7 27. Kg2 b5 28. a3 a5 29. Kg3 Bf5 30. Nd1 Rd8 31. Ne3 Bd7 32.
Rf1 Re8 33. Neg2 b4 34. axb4 axb4 35. Nh5 Kg6 36. Nxf6 Rf8 37. Nh4+ Kg7 38.
Nh5+ Kg8 39. Rxf8+ Kxf8 40. Nf6 Be6 41. Nxg4 h5 42. Ne5 c5 43. dxc5 d4 44.
Kf4 Bd5 45. c6 Ke7 46. Nf5+ Kd8 47. Nxd4 Kc7 48. Kg5 Kd6 49. Kf5 h4 50.
Nb5+ Ke7 51. c7 Be6+ 52. Ke4 Ke8 53. Nd6+ Ke7 54. c8=Q Bxc8 55. Nxc8+ Ke6
56. Nb6 Kd6 57. Kd4 Kc7 58. Nd5+ Kd6 59. Nxb4 Ke7 60. Nd5+ Ke6 61. b4 Kf5
62. b5 h3 63. b6 Kg5 64. b7 Kf5 65. b8=Q Ke6 66. Qe8+ Kf5 67. Qg6# { Black
checkmated } 1-0

[Event "ICC tourney 2248 (120 10)"]
[Site "Internet Chess Club"]
[Date "2020.12.28"]
[Round "5"]
[White "aditya7708"]
[Black "AngelaIL203"]
[Result "1-0"]
[ICCResult "Black checkmated"]
[WhiteElo "1524"]
[BlackElo "1193"]
[Opening "Giuoco Piano"]
[ECO "C54"]
[NIC "IG.02"]
[Time "12:03:20"]
[PlyCount "55"]
[TimeControl "7200+10"]

1. e4 e5 2. Nf3 Nc6 3. Bc4 Bc5 4. c3 Nf6 5. d4 exd4 6. e5 Ne4 7. cxd4 Bb4+
8. Bd2 Nxd2 9. Nbxd2 d5 10. Be2 O-O 11. O-O Bf5 12. a3 Bxd2 13. Qxd2 Be4
14. Rfe1 h6 15. Rac1 Qe7 16. h3 Rad8 17. Qc3 a6 18. Qe3 f5 19. Bxa6 bxa6
20. Rxc6 Qd7 21. Rec1 f4 22. Qc3 Bxf3 23. Qxf3 Rb8 24. Rxc7 Qb5 25. Qg4 g5
26. Qe6+ Kh8 27. Qxh6+ Kg8 28. Rg7# { Black checkmated } 1-0

[Event "ICC tourney 2248 (120 10)"]
[Site "Internet Chess Club"]
[Date "2020.12.28"]
[Round "5"]
[White "trucker"]
[Black "Pugnacious"]
[Result "1-0"]
[ICCResult "Black resigns"]
[WhiteElo "1610"]
[BlackElo "1760"]
[Opening "Ruy Lopez: Cozio defense"]
[ECO "C60"]
[NIC "RL.04"]
[Time "12:03:24"]
[PlyCount "63"]
[TimeControl "7200+10"]

1. e4 e5 2. Nf3 Nc6 3. Bb5 Nge7 4. c3 g6 5. O-O Bg7 6. Re1 O-O 7. b3 d6 8.
Bf1 Bg4 9. d3 f5 10. Nbd2 f4 11. Bb2 g5 12. Qc2 Bxf3 13. Nxf3 Ng6 14. h3 h5
15. Nh2 Qd7 16. Be2 h4 17. Bg4 Qe7 18. d4 Rad8 19. d5 Nb8 20. Be6+ Kh8 21.
Qd1 Bh6 22. Qh5 Kg7 23. Bf5 Qf7 24. Ng4 Rh8 25. Nxh6 Rxh6 26. Qxg5 Nd7 27.
Qxd8 Nf6 28. Be6 Qe7 29. Qxe7+ Nxe7 30. Rad1 Rg6 31. Kh2 Nh5 32. Rd3 {
Black resigns } 1-0

[Event "ICC tourney 2248 (120 10)"]
[Site "Internet Chess Club"]
[Date "2020.12.28"]
[Round "5"]
[White "hello12"]
[Black "DrBoler"]
[Result "0-1"]
[ICCResult "White resigns"]
[WhiteElo "1475"]
[BlackElo "1636"]
[Opening "Caro-Kann: advance variation"]
[ECO "B12"]
[NIC "CK.02"]
[Time "12:03:15"]
[PlyCount "88"]
[TimeControl "7200+10"]

1. e4 c6 2. d4 d5 3. e5 c5 4. c3 Nc6 5. Nf3 Bg4 6. Be3 e6 7. Bb5 Qb6 8.
Bxc6+ bxc6 9. b3 Nh6 10. h3 Bxf3 11. Qxf3 Nf5 12. O-O cxd4 13. cxd4 Nxd4
14. Qd1 Bc5 15. Nc3 Nf5 16. Na4 Nxe3 17. Nxb6 Nxd1 18. Nxa8 Nc3 19. Nc7+
Kd7 20. Na6 Bd4 21. Rae1 Nxa2 22. Rd1 Bxe5 23. Nc5+ Ke7 24. Nd3 Bf6 25.
Rfe1 Nc3 26. Rc1 Kd6 27. Nb4 Rb8 28. Nc2 Rxb3 29. Ne3 g6 30. Kh1 a5 31. Ra1
a4 32. Nc2 Rb2 33. Na3 Nb5 34. Nxb5+ cxb5 35. Rab1 a3 36. Rxb2 axb2 37. Kg1
Kc5 38. Kf1 Kc4 39. Ke2 Kc3 40. Rd1 Kc2 41. Rd2+ Kb1 42. Kd3 Ka1 43. Rd1+
b1=Q+ 44. Rxb1+ Kxb1 { White resigns } 0-1

[Event "ICC tourney 2248 (120 10)"]
[Site "Internet Chess Club"]
[Date "2020.12.28"]
[Round "5"]
[White "mnm1"]
[Black "FantasyHockeyEx"]
[Result "0-1"]
[ICCResult "White resigns"]
[WhiteElo "1460"]
[BlackElo "1794"]
[Opening "Sicilian: Kan, Maróczy bind (Réti variation)"]
[ECO "B41"]
[NIC "SI.41"]
[Time "12:02:54"]
[PlyCount "82"]
[TimeControl "7200+10"]

1. e4 c5 2. Nf3 e6 3. d4 cxd4 4. Nxd4 a6 5. c4 Nc6 6. Be3 d6 7. Nc3 Nf6 8.
Be2 Be7 9. O-O O-O 10. f3 Qc7 11. Rc1 Bd7 12. Qd2 Rac8 13. Rfd1 Rfd8 14. a3
Qb8 15. b4 Ne5 16. Qa2 b6 17. Qb3 Rc7 18. f4 Neg4 19. Bd2 e5 20. fxe5 Nxe5
21. Nd5 Nxd5 22. exd5 Bf6 23. Rf1 Rdc8 24. Qg3 Nxc4 25. Bh6 Bxd4+ 26. Kh1
Be5 27. Qf3 Be8 28. Qg4 b5 29. Bd3 g6 30. Qg5 Nb2 31. Rce1 Bh8 32. Bf5 Bd7
33. Re7 Bxf5 34. Rxc7 Qxc7 35. Rxf5 Qc1+ 36. Qxc1 Rxc1+ 37. Bxc1 gxf5 38.
Kg1 Nd3 39. Be3 Bb2 40. Kf1 Bxa3 41. Ke2 Nxb4 { White resigns } 0-1

[Event "ICC tourney 2248 (120 10)"]
[Site "Internet Chess Club"]
[Date "2020.12.28"]
[Round "5"]
[White "doudou2011"]
[Black "Cooliguess"]
[Result "0-1"]
[ICCResult "White checkmated"]
[WhiteElo "1412"]
[BlackElo "1750"]
[Opening "Queen's pawn game, Darooha variation "]
[ECO "E06"]
[NIC "QP.08"]
[Time "12:03:19"]
[PlyCount "152"]
[TimeControl "7200+10"]

1. d4 d5 2. Nf3 Nf6 3. g3 e6 4. Bg2 Be7 5. O-O O-O 6. c4 b6 7. cxd5 exd5 8.
Nc3 Bb7 9. Ne5 Nbd7 10. b3 c5 11. Nxd7 Qxd7 12. dxc5 Bxc5 13. Bg5 d4 14.
Bxb7 Qxb7 15. Bxf6 gxf6 16. Nb1 Rfe8 17. Qd3 Qe4 18. Qxe4 Rxe4 19. Re1 Bb4
20. Rd1 Rxe2 21. a3 Bc3 22. Nxc3 dxc3 23. Rac1 c2 24. Rd7 Rae8 25. Kg2 R8e3
26. Rxa7 Rxb3 27. Rc7 Rxa3 28. R7xc2 Rxc2 29. Rxc2 Rb3 30. Rc8+ Kg7 31. Rb8
b5 32. Kf1 Rb2 33. Ke1 Kg6 34. h4 h5 35. Kd1 Kf5 36. Kc1 Rxf2 37. Rxb5+ Kg4
38. Rb7 Kxg3 39. Rxf7 Kxh4 40. Kd1 Kh3 41. Ke1 Rf5 42. Ke2 h4 43. Rh7 Kg3
44. Rg7+ Kh2 45. Rg4 h3 46. Ke3 Kh1 47. Rg3 h2 48. Ke2 Rg5 49. Rf3 Kg2 50.
Rf2+ Kh3 51. Rf3+ Rg3 52. Rxf6 h1=Q 53. Rh6+ Kg2 54. Rxh1 Kxh1 55. Kf2 Rg8
56. Kf3 Kh2 57. Kf4 Kh3 58. Kf5 Kh4 59. Kf6 Kh5 60. Kf7 Rg5 61. Kf6 Kg4 62.
Kf7 Kf5 63. Ke7 Rg6 64. Kf7 Rh6 65. Kg7 Ra6 66. Kh7 Kg5 67. Kg7 Ra7+ 68.
Kf8 Kg6 69. Ke8 Kf6 70. Kd8 Ke6 71. Kc8 Kd6 72. Kb8 Rh7 73. Kc8 Rg7 74. Kb8
Kc6 75. Ka8 Kb6 76. Kb8 Rg8# { White checkmated } 0-1

[Event "ICC tourney 2248 (120 10)"]
[Site "Internet Chess Club"]
[Date "2020.12.28"]
[Round "5"]
[White "orwind"]
[Black "rohu333"]
[Result "1/2-1/2"]
[ICCResult "Game drawn by mutual agreement"]
[WhiteElo "1620"]
[BlackElo "1766"]
[Opening "Scandinavian: Pytel-Wade variation"]
[ECO "B01"]
[NIC "SD.02"]
[Time "12:02:54"]
[PlyCount "78"]
[TimeControl "7200+10"]

1. e4 d5 2. exd5 Qxd5 3. Nc3 Qd6 4. d4 c6 5. Nf3 Nf6 6. Be2 Bg4 7. Be3 e6
8. Qd2 Qc7 9. h3 Bh5 10. O-O Bd6 11. Rad1 O-O 12. Ne1 Bxe2 13. Qxe2 Nbd7
14. Nf3 Nb6 15. Bg5 Nbd7 16. Rfe1 h6 17. Be3 Rfe8 18. Nd2 Bb4 19. Qd3 Rad8
20. a3 Ne5 21. Qe2 Bxc3 22. bxc3 Ned7 23. c4 a6 24. Nb3 Nb6 25. c5 Nbd5 26.
Bd2 Qb8 27. c4 Ne7 28. Qf3 Ng6 29. Be3 Rd7 30. Nc1 e5 31. dxe5 Nxe5 32. Qg3
Ng6 33. Qxb8 Rxb8 34. Rxd7 Nxd7 35. Nb3 Nde5 36. Na5 f5 37. f4 Nd3 38. Rd1
Ndxf4 39. Bxf4 Nxf4 { Game drawn by mutual agreement } 1/2-1/2

[Event "ICC tourney 2248 (120 10)"]
[Site "Internet Chess Club"]
[Date "2020.12.28"]
[Round "5"]
[White "oregonchessguy"]
[Black "castle2king"]
[Result "1/2-1/2"]
[ICCResult "Game drawn by mutual agreement"]
[WhiteElo "1857"]
[BlackElo "1562"]
[Opening "Evans gambit: 5...Be7"]
[ECO "C51"]
[NIC "IG.05"]
[Time "12:03:01"]
[PlyCount "56"]
[TimeControl "7200+10"]

1. e4 e5 2. Nf3 Nc6 3. Bc4 Bc5 4. b4 Bxb4 5. c3 Be7 6. Qb3 Nh6 7. d4 Na5 8.
Qb5 Nxc4 9. Bxh6 gxh6 10. Qxc4 d6 11. dxe5 Rg8 12. g3 Qd7 13. Nbd2 Qc6 14.
Qxc6+ bxc6 15. exd6 cxd6 16. Rb1 Ba6 17. Rb3 Kd7 18. c4 Rgb8 19. O-O Rxb3
20. axb3 Bf6 21. Re1 Re8 22. Re3 Re6 23. b4 h5 24. Ra3 Bb7 25. Rxa7 Kc7 26.
Ra3 c5 27. bxc5 dxc5 28. Re3 Bg7 { Game drawn by mutual agreement } 1/2-1/2

[Event "ICC tourney 2248 (120 10)"]
[Site "Internet Chess Club"]
[Date "2020.12.28"]
[Round "5"]
[White "Draconian"]
[Black "TheChessShark"]
[Result "1-0"]
[ICCResult "Black checkmated"]
[WhiteElo "1570"]
[BlackElo "1888"]
[Opening "Philidor's defense"]
[ECO "C41"]
[NIC "KP.10"]
[Time "12:03:16"]
[PlyCount "83"]
[TimeControl "7200+10"]

1. e4 e5 2. Nf3 d6 3. Bc4 c6 4. d4 Nd7 5. dxe5 dxe5 6. O-O Be7 7. Qe2 Ngf6
8. Rd1 Qc7 9. c3 O-O 10. Nbd2 h6 11. Nh4 Nb6 12. Bb3 Bc5 13. Ndf3 Ng4 14.
Rf1 Kh8 15. h3 Nf6 16. g4 h5 17. g5 Ng8 18. g6 Bxh3 19. Ng5 Bg4 20. gxf7
Ne7 21. Be3 Bxe2 22. Bxc5 Nbc8 23. Ne6 Qd7 24. Rfe1 Rxf7 25. Rxe2 Nd5 26.
Ng6+ Kg8 27. exd5 cxd5 28. Rxe5 Rf6 29. Ngf8 Rxf8 30. Bxf8 Ne7 31. Bxg7 Rc8
32. Rae1 Rc6 33. Ba4 Qc8 34. Bxc6 bxc6 35. Rxh5 Kf7 36. Rh8 Qa6 37. Rf8+
Kg6 38. Re5 Ng8 39. Rg5+ Kh7 40. Rf4 Nh6 41. Nf8+ Kg8 42. Bd4# { Black
checkmated } 1-0

[Event "ICC tourney 2248 (120 10)"]
[Site "Internet Chess Club"]
[Date "2020.12.28"]
[Round "5"]
[White "welmo"]
[Black "BlueZillop"]
[Result "0-1"]
[ICCResult "White checkmated"]
[WhiteElo "1604"]
[BlackElo "1363"]
[Opening "Sicilian: dragon variation"]
[ECO "B70"]
[NIC "SI.15"]
[Time "12:03:47"]
[PlyCount "138"]
[TimeControl "7200+10"]

1. e4 c5 2. Nf3 d6 3. d4 cxd4 4. Nxd4 Nf6 5. Nc3 g6 6. Bd3 Bg7 7. Nf3 O-O
8. O-O Nc6 9. a3 Bg4 10. h3 Bxf3 11. Qxf3 Ne5 12. Qe2 Nfd7 13. Be3 Nc5 14.
Bxc5 Nxd3 15. Qxd3 dxc5 16. Rfd1 Qb6 17. Rab1 Rfd8 18. Qf3 Rxd1+ 19. Qxd1
Rd8 20. Qe1 e6 21. Nd1 Qd6 22. c3 Qd3 23. Rc1 Bh6 24. Ne3 Qxe4 25. Qe2 Rd3
26. Re1 Bxe3 27. fxe3 c4 28. Qc2 b5 29. Qe2 a5 30. Qf2 Qe5 31. Qe2 f5 32.
Qf2 Kf7 33. Qe2 a4 34. Qf2 Qd5 35. Re2 Rd1+ 36. Re1 Rxe1+ 37. Qxe1 Qd3 38.
Qf2 Qb1+ 39. Kh2 g5 40. Qd2 Qd3 41. Qf2 Qd6+ 42. Kg1 h5 43. Qe2 g4 44. hxg4
hxg4 45. Kf2 Kf6 46. g3 Qd3 47. Ke1 Qxe2+ 48. Kxe2 Ke5 49. Kd2 Ke4 50. Ke2
e5 51. Kd2 Kf3 52. Ke1 Kxe3 53. Kf1 Kf3 54. Kg1 Kxg3 55. Kf1 f4 56. Kg1 f3
57. Kf1 f2 58. Ke2 Kg2 59. Ke3 f1=Q 60. Ke4 Qe2+ 61. Kf5 Qxb2 62. Ke6 Qxc3
63. Kd5 e4 64. Kxe4 Qxa3 65. Kf4 c3 66. Kxg4 c2 67. Kf4 c1=Q+ 68. Ke4 Qae3+
69. Kd5 Qcc5# { White checkmated } 0-1

[Event "ICC tourney 2248 (120 10)"]
[Site "Internet Chess Club"]
[Date "2020.12.28"]
[Round "5"]
[White "kittycat35"]
[Black "AbleCompany"]
[Result "1-0"]
[ICCResult "Black resigns"]
[WhiteElo "1724"]
[BlackElo "1568"]
[Opening "Sicilian: Najdorf, Zagreb (fianchetto) variation"]
[ECO "B91"]
[NIC "SI.14"]
[Time "12:03:00"]
[PlyCount "59"]
[TimeControl "7200+10"]

1. e4 c5 2. Nf3 d6 3. d4 cxd4 4. Nxd4 Nf6 5. Nc3 a6 6. g3 e5 7. Nde2 Be7 8.
Bg2 O-O 9. O-O b5 10. h3 Bb7 11. g4 b4 12. Nd5 Bxd5 13. exd5 Nbd7 14. Ng3
Ne8 15. Nf5 Bf6 16. Qd2 Qb6 17. g5 Bd8 18. h4 f6 19. Bh3 Nc5 20. Qe2 fxg5
21. hxg5 g6 22. Nh6+ Kh8 23. Be3 Ng7 24. Bg4 Nf5 25. Bxf5 gxf5 26. f4 exf4
27. Bd4+ Bf6 28. gxf6 Rg8+ 29. Nxg8 Rxg8+ 30. Kh2 { Black resigns } 1-0

[Event "ICC tourney 2248 (120 10)"]
[Site "Internet Chess Club"]
[Date "2020.12.28"]
[Round "5"]
[White "kirikiri007"]
[Black "sushivishwa"]
[Result "0-1"]
[ICCResult "White resigns"]
[WhiteElo "1564"]
[BlackElo "1755"]
[Opening "Giuoco Piano"]
[ECO "C54"]
[NIC "IG.02"]
[Time "12:03:47"]
[PlyCount "56"]
[TimeControl "7200+10"]

1. e4 e5 2. Nf3 Nc6 3. Bc4 Bc5 4. c3 Nf6 5. d4 exd4 6. cxd4 Bb4+ 7. Bd2
Bxd2+ 8. Nbxd2 d5 9. exd5 Nxd5 10. O-O O-O 11. Rc1 Nce7 12. Re1 c6 13. h3
Be6 14. Ne4 Qc7 15. Nc5 Bf5 16. Nh4 Bg6 17. Nxg6 hxg6 18. Qb3 Nb6 19. Re5
Nxc4 20. Qxc4 Rfd8 21. Rce1 Nd5 22. b4 a6 23. Rc1 Re8 24. Rxe8+ Rxe8 25.
Nxa6 bxa6 26. Qxd5 Re1+ 27. Rxe1 cxd5 28. Re8+ Kh7 { White resigns } 0-1

[Event "ICC tourney 2248 (120 10)"]
[Site "Internet Chess Club"]
[Date "2020.12.28"]
[Round "5"]
[White "steinutz"]
[Black "jackl514"]
[Result "1-0"]
[ICCResult "Black resigns"]
[WhiteElo "1756"]
[BlackElo "1580"]
[Opening "Levitsky attack (Queen's bishop attack)"]
[ECO "D00"]
[NIC "QP.08"]
[Time "12:03:19"]
[PlyCount "71"]
[TimeControl "7200+10"]

1. d4 d5 2. Bg5 h6 3. Bh4 Nf6 4. Bxf6 exf6 5. e3 c6 6. c3 Bd6 7. Bd3 O-O 8.
Ne2 Nd7 9. Nd2 g6 10. h4 f5 11. h5 Kg7 12. Qc2 Nf6 13. hxg6 fxg6 14. O-O-O
Ne4 15. Rdf1 h5 16. Kb1 Qe7 17. g3 Bd7 18. Nf4 a5 19. Nf3 a4 20. a3 Rh8 21.
Be2 Be8 22. Nd3 Qc7 23. Rhg1 Qb6 24. Ka1 Ra5 25. Nfe5 Qc7 26. f3 Nf6 27. g4
Qc8 28. gxh5 Rxh5 29. Rg2 Nd7 30. f4 Rh3 31. Rfg1 Bxe5 32. fxe5 Rxe3 33.
Nf4 Nf8 34. Bh5 Ne6 35. Qxf5 g5 36. Nxe6+ { Black resigns } 1-0

[Event "ICC tourney 2248 (120 10)"]
[Site "Internet Chess Club"]
[Date "2020.12.28"]
[Round "5"]
[White "mnm2"]
[Black "MathMonkey"]
[Result "1-0"]
[ICCResult "Black checkmated"]
[WhiteElo "1510"]
[BlackElo "1187"]
[Opening "Scotch game"]
[ECO "C45"]
[NIC "SO.05"]
[Time "12:03:21"]
[PlyCount "153"]
[TimeControl "7200+10"]

1. e4 e5 2. Nf3 Nc6 3. d4 exd4 4. Nxd4 Bc5 5. Be3 Qf6 6. c3 Nge7 7. Bc4 O-O
8. O-O d6 9. Re1 Ne5 10. Be2 Qg6 11. Bh5 Qxe4 12. Bg5 Qd3 13. Bxe7 Re8 14.
Bh4 Bd7 15. Bg3 Bxd4 16. cxd4 Qxd1 17. Rxd1 Ng4 18. Nc3 g6 19. Bxg4 Bxg4
20. Re1 Kf8 21. Nd5 Rxe1+ 22. Rxe1 c6 23. Bxd6+ Kg7 24. Nc3 Be6 25. a3 Rd8
26. Be5+ Kf8 27. Ne4 b6 28. Ng5 h6 29. Nxe6+ fxe6 30. Bf6 Rd6 31. f3 Kf7
32. Be5 Rd8 33. Re4 g5 34. Kf2 Rc8 35. f4 Kg6 36. fxg5 hxg5 37. g4 Rf8+ 38.
Ke3 Rf1 39. Bb8 Re1+ 40. Kf3 Rxe4 41. Kxe4 a6 42. Ke5 Kf7 43. Kd6 c5 44.
dxc5 bxc5 45. Kxc5 Kf6 46. Kb6 e5 47. Bxe5+ Kxe5 48. Kxa6 Kf4 49. b4 Kxg4
50. b5 Kh3 51. b6 Kxh2 52. b7 g4 53. b8=Q+ g3 54. Qxg3+ Kxg3 55. a4 Kf4 56.
a5 Ke5 57. Kb7 Kd6 58. a6 Kd7 59. a7 Kd8 60. a8=Q+ Kd7 61. Qc8+ Kd6 62. Kb6
Kd5 63. Qc7 Ke4 64. Qd6 Kf5 65. Qe7 Kf4 66. Qe6 Kg5 67. Qf7 Kg4 68. Qf6 Kg3
69. Qf5 Kg2 70. Qf4 Kg1 71. Qf3 Kh2 72. Qg4 Kh1 73. Kc5 Kh2 74. Kd4 Kh1 75.
Ke3 Kh2 76. Kf2 Kh1 77. Qg1# { Black checkmated } 1-0

[Event "ICC tourney 2248 (120 10)"]
[Site "Internet Chess Club"]
[Date "2020.12.28"]
[Round "5"]
[White "Coolbull"]
[Black "wahoo"]
[Result "1/2-1/2"]
[ICCResult "Game drawn by repetition"]
[WhiteElo "1743"]
[BlackElo "1661"]
[Opening "Scotch: Blumenfeld attack"]
[ECO "C45"]
[NIC "SO.05"]
[Time "12:02:56"]
[PlyCount "75"]
[TimeControl "7200+10"]

1. e4 e5 2. Nf3 Nc6 3. d4 exd4 4. Nxd4 Bc5 5. Be3 Qf6 6. Nb5 Bxe3 7. fxe3
Qxb2 8. N1c3 Qb4 9. Rb1 Qa5 10. Rb3 a6 11. Ra3 Qb4 12. Nxc7+ Kd8 13. Rb3
Qc5 14. Nxa8 Qxe3+ 15. Qe2 Qc1+ 16. Qd1 Qe3+ 17. Be2 Nd4 18. Nd5 Qxe4 19.
Rd3 Qxg2 20. Rf1 Qxd5 21. Rxd4 Qxa2 22. Bc4 Qa5+ 23. Qd2 Qe5+ 24. Kd1 Nf6
25. Qf4 Qh5+ 26. Kc1 Qa5 27. Qd6 Qa1+ 28. Kd2 Qa5+ 29. Kd1 Qa1+ 30. Ke2
Re8+ 31. Kf2 Qc3 32. Qc7+ Ke7 33. Qc5+ Kd8 34. Qc7+ Ke7 35. Qd6+ Kd8 36.
Qc7+ Ke7 37. Qd6+ Kd8 38. Qc7+ { Game drawn by repetition } 1/2-1/2

[Event "ICC tourney 2248 (120 10)"]
[Site "Internet Chess Club"]
[Date "2020.12.28"]
[Round "5"]
[White "garynanoman"]
[Black "Averyyu321"]
[Result "1-0"]
[ICCResult "Black checkmated"]
[WhiteElo "1850"]
[BlackElo "1739"]
[Opening "Sicilian: dragon, 6.Be3"]
[ECO "B72"]
[NIC "SI.16"]
[Time "12:03:02"]
[PlyCount "99"]
[TimeControl "7200+10"]

1. e4 c5 2. Nf3 d6 3. d4 cxd4 4. Nxd4 Nf6 5. Nc3 g6 6. Be3 Bg7 7. Bc4 a6 8.
f3 b5 9. Bb3 Bb7 10. Qd2 Nbd7 11. O-O-O Rc8 12. Kb1 Ne5 13. g4 Nc4 14. Bxc4
Rxc4 15. h4 h5 16. g5 Nh7 17. Nd5 e6 18. Nb6 Rc7 19. Nb3 Rc6 20. c4 bxc4
21. Na5 Rxb6 22. Bxb6 Qxb6 23. Nxc4 Qc7 24. Nxd6+ Kf8 25. Nxb7 Be5 26. Qd8+
Kg7 27. Qxc7 Bxc7 28. Rd7 Be5 29. Nd8 Nf8 30. Rxf7+ Kg8 31. f4 Bd4 32.
Rxf8+ Kxf8 33. Nxe6+ Kf7 34. Nxd4 Rd8 35. Rd1 Re8 36. e5 Rd8 37. e6+ Kf8
38. e7+ Kxe7 39. Nc6+ Ke8 40. Rxd8+ Kf7 41. Kc2 a5 42. Kd3 a4 43. Ke4 a3
44. b3 Ke6 45. f5+ gxf5+ 46. Kf4 Kf7 47. Kxf5 Kg7 48. Rd7+ Kh8 49. Kg6 Kg8
50. Rd8# { Black checkmated } 1-0

[Event "ICC tourney 2248 (120 10)"]
[Site "Internet Chess Club"]
[Date "2020.12.28"]
[Round "5"]
[White "Yamato1945"]
[Black "kwen2008"]
[Result "0-1"]
[ICCResult "White resigns"]
[WhiteElo "1452"]
[BlackElo "1745"]
[Opening "QGD: Neo-orthodox variation"]
[ECO "D55"]
[NIC "QO.13"]
[Time "12:03:13"]
[PlyCount "74"]
[TimeControl "7200+10"]

1. d4 Nf6 2. c4 e6 3. Nc3 d5 4. Bg5 Be7 5. e3 O-O 6. Nf3 h6 7. Bf4 c5 8.
Be2 a6 9. O-O Nc6 10. Na4 cxd4 11. c5 dxe3 12. fxe3 Nd7 13. Nd4 Nxc5 14.
Nxc6 bxc6 15. Nxc5 Bxc5 16. Rc1 Qe7 17. Qc2 Bb6 18. Qxc6 Qa7 19. Rf3 Bd7
20. Qd6 f6 21. Rg3 g5 22. Bd3 Rf7 23. Bg6 Rg7 24. Bd3 Rd8 25. Rc2 Rc8 26.
Kf2 Bc5 27. Qxa6 Qxa6 28. Bxa6 Bxe3+ 29. Bxe3 Rxc2+ 30. Ke1 Rxb2 31. a3 Rb3
32. Bf2 Rb1+ 33. Kd2 Rb2+ 34. Ke1 Bb5 35. Bc8 Re2+ 36. Kf1 Rc2+ 37. Ke1
Rxc8 { White resigns } 0-1

[Event "ICC tourney 2248 (120 10)"]
[Site "Internet Chess Club"]
[Date "2020.12.28"]
[Round "5"]
[White "Kugelblitzer"]
[Black "WallyCleaver"]
[Result "1-0"]
[ICCResult "Black resigns"]
[WhiteElo "1535"]
[BlackElo "1318"]
[Opening "King's Indian: 6.Be2"]
[ECO "E91"]
[NIC "KI.19"]
[Time "12:03:07"]
[PlyCount "87"]
[TimeControl "7200+10"]

1. d4 Nf6 2. c4 g6 3. Nc3 Bg7 4. e4 d6 5. Nf3 O-O 6. Be2 c6 7. O-O Nbd7 8.
Bg5 h6 9. Be3 e5 10. Qd2 Kh7 11. h3 Qe7 12. d5 Ne8 13. Ne1 f5 14. f3 f4 15.
Bf2 g5 16. Nc2 Ndf6 17. b4 Bd7 18. c5 cxd5 19. Nxd5 Nxd5 20. Qxd5 Bc6 21.
Qd2 Rd8 22. Rad1 d5 23. b5 Nf6 24. bxc6 dxe4 25. Qb4 e3 26. Bxe3 fxe3 27.
cxb7 Rb8 28. Rb1 Qc7 29. Nxe3 Rf7 30. Ba6 Bf8 31. Rfc1 Qc6 32. Qb5 Rc7 33.
Nc4 Bxc5+ 34. Kh1 Nd7 35. Na5 Qb6 36. Qd3+ Qg6 37. Qxg6+ Kxg6 38. Bd3+ Kf6
39. Be4 Bb6 40. Rxc7 Bxc7 41. Nc6 Re8 42. Nxa7 Nb8 43. Rc1 Re7 44. Nb5 {
Black resigns } 1-0

[Event "ICC tourney 2248 (120 10)"]
[Site "Internet Chess Club"]
[Date "2020.12.28"]
[Round "5"]
[White "jgregora"]
[Black "messyblaster"]
[Result "1/2-1/2"]
[ICCResult "Game drawn by mutual agreement"]
[WhiteElo "1686"]
[BlackElo "1563"]
[Opening "Scandinavian: Pytel-Wade variation"]
[ECO "B01"]
[NIC "SD.02"]
[Time "12:02:55"]
[PlyCount "69"]
[TimeControl "7200+10"]

1. e4 d5 2. exd5 Qxd5 3. Nc3 Qd6 4. Nf3 Nf6 5. Bc4 Be6 6. Qe2 Bxc4 7. Qxc4
c6 8. O-O Nbd7 9. d3 Nb6 10. Qh4 e6 11. Ne4 Nxe4 12. Qxe4 Be7 13. d4 O-O
14. c3 Rfd8 15. Bf4 Qd5 16. Qe2 Bd6 17. Bg5 f6 18. Bh4 Re8 19. Rfd1 Qf5 20.
Bg3 Bxg3 21. hxg3 Rad8 22. Nh4 Qg5 23. Nf3 Qh5 24. Re1 Rd7 25. Qc2 Rde7 26.
Re2 Qd5 27. b3 Nd7 28. Rae1 e5 29. dxe5 Nxe5 30. Nxe5 Rxe5 31. Rxe5 Rxe5
32. Rd1 Qa5 33. Qd3 Qxa2 34. Qc4+ Kf8 35. Qb4+ { Game drawn by mutual
agreement } 1/2-1/2

[Event "ICC tourney 2248 (120 10)"]
[Site "Internet Chess Club"]
[Date "2020.12.28"]
[Round "5"]
[White "vober6"]
[Black "Mapking1"]
[Result "0-1"]
[ICCResult "White resigns"]
[WhiteElo "1876"]
[BlackElo "1874"]
[Opening "Sicilian: dragon, Yugoslav attack, 10.O-O-O"]
[ECO "B78"]
[NIC "SI.18"]
[Time "12:02:59"]
[PlyCount "78"]
[TimeControl "7200+10"]

1. e4 c5 2. Nf3 d6 3. d4 cxd4 4. Nxd4 Nf6 5. Nc3 g6 6. Be3 Bg7 7. Bc4 O-O
8. f3 Nc6 9. Qd2 Bd7 10. O-O-O Rc8 11. Bb3 Nxd4 12. Bxd4 b5 13. g4 b4 14.
Ne2 a5 15. g5 Nh5 16. Bxg7 Nxg7 17. Kb1 a4 18. Bd5 Qb6 19. e5 Bf5 20. Be4
Bxe4 21. fxe4 dxe5 22. Ng3 Ne6 23. h4 Rfd8 24. Qh2 Rxd1+ 25. Rxd1 Nd4 26.
Rc1 b3 27. cxb3 Rxc1+ 28. Kxc1 axb3 29. axb3 Qxb3 30. Qf2 Qd3 31. b4 Qc3+
32. Kd1 Qxb4 33. Qa2 Qb3+ 34. Qxb3 Nxb3 35. Kc2 Nd4+ 36. Kd3 Nf3 37. Kc4
Nxh4 38. Kd5 Nf3 39. Ne2 h5 { White resigns } 0-1